Map: Altitude LE

Players

AlexGCH

  • Race: Protoss Protoss
  • League: Silver
  • Spawn Location: 7:00

Zero - Winner!

  • Race: Zerg Zerg
  • Spawn Location: 1:00

VOD

Have the link to the VOD?

Description

Time

  • Played on: Feb. 7, 2023, 9:57 p.m.
  • Length: 20:37
Show
View Real Time Build Order
Export as new Build Order

AlexGCH Protoss 

Build Orders:  

Get SALT Encoding   

  12  0:10  Pylon  
  12  0:12  Probe (Chrono Boost)  
  14  0:22  Probe (Chrono Boost)  
  14  0:33  Gateway  
  14  0:35  Probe  
  14  0:41  Assimilator  
  15  0:48  Probe  
  16  1:00  Pylon, Probe (Chrono Boost)  
  18  1:12  Probe (Chrono Boost)  
  18  1:24  Cybernetics Core  
  18  1:27  Gateway  
  18  1:28  Probe  
  19  1:40  Probe  
  19  1:46  Assimilator  
  20  1:52  Probe  
  21  1:54  Forge  
  21  2:01  Warp Gate (Chrono Boost)  
  21  2:10  Probe  
  22  2:22  Probe  
  23  2:24  Gateway, Stalker x2  
  27  2:43  Probe  
  28  2:54  Pylon  
  28  3:13  Gateway  
  28  3:35  Nexus  
  28  3:38  Probe (Chrono Boost)  
  30  3:48  Probe (Chrono Boost), Stalker  
  30  3:49  Stalker  
  30  3:52  Stalker  
  30  3:53  Probe (Chrono Boost)  
  37  4:04  Probe  
  38  4:16  Probe  
  39  4:29  Pylon  
  39  4:31  Pylon  
  33  4:57  Stalker x2  
  33  4:58  Stalker x2  
  39  5:26  Assimilator  
  37  5:34  Stalker x4  
  43  6:02  Stalker x4  
  37  6:28  Stalker x4  
  37  6:32  Probe (Chrono Boost)  
  46  6:40  Assimilator  
  46  6:42  Probe (Chrono Boost)  
  46  6:47  Probe (Chrono Boost)  
  46  6:58  Probe  
  43  7:05  Stalker x3  
  43  7:06  Stalker  
  51  7:10  Probe  
  40  7:39  Stalker x4  
  46  8:17  Stalker  
  46  8:18  Stalker x3  
  38  8:53  Stalker x3  
  38  8:54  Stalker  
  46  9:01  Pylon  
  46  9:03  Pylon  
  46  9:05  Probe (Chrono Boost)  
  46  9:06  Pylon  
  47  9:13  Probe (Chrono Boost)  
  47  9:16  Probe (Chrono Boost)  
  49  9:20  Probe (Chrono Boost)  
  49  9:22  Probe (Chrono Boost)  
  51  9:25  Probe (Chrono Boost)  
  53  9:36  Probe  
  53  9:44  Gateway x2  
  53  9:48  Probe  
  53  9:50  Gateway  
  53  9:52  Gateway  
  54  10:01  Nexus  
  54  10:03  Assimilator  
  54  10:06  Stalker x4  
  62  10:07  Assimilator  
  54  10:40  Stalker x4  
  50  11:06  Twilight Council  
  50  11:08  Stargate  
  50  11:10  Robotics Facility  
  50  11:19  Probe (Chrono Boost)  
  51  11:25  Pylon  
  51  11:29  Pylon, Probe (Chrono Boost)  
  51  11:31  Pylon  
  52  11:34  Pylon, Probe (Chrono Boost)  
  53  11:44  Dark Shrine  
  53  11:45  Probe  
  54  11:50  Stalker x3  
  54  11:51  Stalker x3  
  54  11:52  Stalker x2  
  70  11:57  Probe  
  70  12:06  Photon Cannon  
  70  12:07  Photon Cannon  
  58  12:09  Photon Cannon  
  58  12:10  Photon Cannon  
  58  12:13  Shield Battery  
  52  12:18  Templar Archives  
  45  12:25  Stalker x4  
  45  12:29  Shield Battery  
  46  12:39  Photon Cannon  
  35  12:57  Dark Templar x2  
  35  12:58  Dark Templar  
  32  13:16  Dark Templar  
  32  13:29  Dark Templar  
  34  13:44  Probe (Chrono Boost)  
  35  13:54  Probe (Chrono Boost)  
  36  13:59  Probe (Chrono Boost)  
  37  14:11  Probe (Chrono Boost)  
  38  14:20  Probe (Chrono Boost)  
  39  14:25  Probe (Chrono Boost)  
  39  14:27  Nexus  
  40  14:31  Pylon  
  40  14:36  Pylon  
  40  14:37  Probe  
  41  14:44  Pylon  
  41  14:50  Pylon  
  41  14:53  Pylon  
  41  14:56  Pylon  
  41  15:05  Probe (Chrono Boost)  
  42  15:16  Probe (Chrono Boost)  
  42  15:20  Probe (Chrono Boost)  
  44  15:32  Probe  
  45  15:49  Pylon, Nexus  
  45  15:58  Pylon  
  37  16:19  High Templar x4  
  37  16:20  High Templar  
  47  16:40  Nexus  
  47  16:42  Assimilator  
  47  16:47  Assimilator  
  47  16:49  Pylon  
  47  16:52  Pylon  
  47  16:54  Pylon  
  47  16:57  High Templar x4  
  55  17:06  Archon  
  55  17:07  Archon x2  
  53  17:12  High Templar  
  44  17:28  Photon Cannon  
  44  17:29  Photon Cannon  
  38  17:32  Photon Cannon  
  32  17:43  High Templar x2  
  5  18:07  Probe (Chrono Boost)  
  2  18:43  Probe  
  3  19:05  Probe (Chrono Boost)  
  4  19:19  Probe (Chrono Boost)  
  5  19:36  Sentry  
  7  19:45  Probe  
  8  19:57  Probe  
  9  20:15  Probe (Chrono Boost)  
  8  20:26  Probe (Chrono Boost)  
Show
View Real Time Build Order
Export as new Build Order

Zero Zerg - Winner!

Build Orders: Hatch First 

Get SALT Encoding   

  12  0:28  Hatchery  
  11  0:45  Drone x3  
  14  0:54  Extractor  
  13  0:59  Extractor  
  13  1:02  Overlord  
  12  1:09  Drone  
  13  1:25  Spawning Pool  
  12  1:30  Drone x2  
  14  1:40  Drone  
  14  1:43  Drone  
  16  2:02  Drone x2  
  18  2:11  Queen  
  18  2:13  Queen  
  18  2:15  Drone  
  23  2:18  Drone  
  24  2:23  Drone  
  24  2:26  Drone  
  26  2:39  Drone  
  27  2:44  Drone  
  28  2:56  Roach Warren  
  27  3:01  Evolution Chamber  
  26  3:12  Overlord  
  26  3:13  Overlord  
  26  3:25  Drone x2  
  28  3:31  Drone  
  29  3:35  Overlord  
  29  3:36  Overlord x2  
  29  3:40  Zerg Missile Weapons Level 1  
  29  3:57  Zergling x4  
  29  3:58  Zergling x2  
  29  4:00  Roach  
  29  4:01  Roach x2  
  38  4:05  Roach x3  
  38  4:07  Roach  
  46  4:10  Roach  
  31  4:48  Zergling x6  
  31  4:49  Zergling x4  
  32  4:54  Queen  
  31  5:04  Roach  
  28  5:37  Roach x2  
  28  5:38  Roach x3  
  28  5:41  Roach x5  
  42  6:05  Queen  
  42  6:21  Queen  
  44  6:26  Zerg Ground Armor Level 1  
  44  6:28  Drone x2  
  44  6:29  Drone x2  
  44  6:30  Drone  
  49  6:34  Overlord  
  49  6:37  Overlord  
  49  6:40  Roach x3  
  49  6:43  Ravager x2  
  31  7:49  Roach  
  31  7:50  Roach x5  
  43  7:53  Roach x5  
  43  7:54  Roach  
  49  8:23  Queen  
  45  8:48  Roach x4  
  51  8:52  Roach x3  
  51  8:53  Roach x2  
  63  9:11  Roach x2  
  63  9:13  Ravager  
  63  9:14  Ravager x6  
  74  9:20  Extractor  
  73  9:40  Roach x3  
  73  9:41  Roach x2  
  83  9:47  Overlord x3  
  83  9:48  Overlord  
  76  10:42  Roach x2  
  82  10:43  Roach x4  
  82  10:47  Roach  
  82  10:48  Roach x5  
  98  11:20  Roach x3  
  98  11:21  Roach x2  
  98  11:24  Roach x3  
  98  11:25  Roach  
  116  11:30  Overlord x2  
  73  13:25  Roach x2  
  73  13:26  Roach x2  
  69  13:28  Zergling x2  
  69  13:29  Roach x4  
  69  13:30  Roach  
  53  14:10  Roach x5  
  53  14:12  Roach x4  
  53  14:13  Roach  
  69  14:40  Roach x6  
  69  14:42  Roach, Zergling x2  
  69  14:43  Roach x3  
  90  14:50  Lair  
  90  14:55  Ravager x4  
  90  14:56  Ravager  
  90  14:58  Ravager  
  96  15:00  Ravager  
  97  15:26  Roach x4  
  97  15:27  Roach  
  107  15:30  Roach x3  
  107  15:31  Roach x2  
  117  15:35  Overlord  
  117  15:52  Extractor  
  110  15:57  Overseer  
  107  16:05  Roach x3  
  107  16:07  Roach x2  
  107  16:08  Roach x2  
  121  16:24  Overseer  
  121  16:28  Drone  
  122  16:33  Roach  
  122  16:35  Roach x2  
  122  16:36  Roach  
  130  16:52  Roach x5  
  140  17:00  Overlord  
  132  19:08  Roach x4  
  132  19:09  Roach  
  142  19:11  Overseer  
  142  19:13  Roach x3  
  148  19:17  Overlord x2  
  148  19:18  Overlord  
  148  19:33  Overseer  
Tags
 
League
Silver
Matchup
PvZ
Spawn Locations
Cross Positions
Add a new tag
Caveats
  • Supply blocks, unpowered buildings, or Contaminate may cause inaccurate times.
  • Supply counts are checked every 10 seconds.